 Dungeon Crawl Stone Soup version 0.18.1-5-g4a78601 (console) character file.

24 2d6 the Magician (level 3, 0/19 HPs)
             Began as a Tengu Wizard on May 12, 2016.
             Slain by a worm (9 damage)
             ... on level 1 of the Dungeon.
             The game lasted 00:05:02 (935 turns).

2d6 the Magician (Tengu Wizard)                      Turns: 935, Time: 00:05:02

Health: 0/19       AC:  2    Str:  7    XL:     3   Next: 2%
Magic:  1/8        EV: 13    Int: 19    God:
Gold:   56         SH:  0    Dex: 12    Spells: 1 memorised, 7 levels left

rFire  . . .     SeeInvis .     a - +0 dagger
rCold  . . .     Gourm    .     h - +0 robe
rNeg   . . .     Faith    .     (no shield)
rPois  .         Spirit   .     e - +0 hat
rElec  .         Dismiss  .     (no cloak)
rCorr  .         Reflect  .     (no gloves)
SustAt .         Harm     .     (boots unavailable)
MR     .....                    (no amulet)
Stlth  ++........               (no ring)
                                (no ring)

@: very slightly contaminated, not resistant to hostile enchantments, unstealthy
A: beak, talons 3
a: no special abilities


You were on level 1 of the Dungeon.
You were not hungry.

You visited 1 branch of the dungeon, and saw 1 of its levels.

You collected 56 gold pieces.

Inventory:

Hand Weapons
 a - a +0 dagger (weapon)
 b - a +0 hunting sling
Missiles
 i - 11 sling bullets
 l - 48 arrows
Armour
 e - a +0 hat (worn)
 h - a +0 robe (worn)
Scrolls
 f - a scroll of blinking {unknown}
 g - 2 scrolls of fog {unknown}
 j - a scroll of recharging {unknown}
Potions
 m - a potion of curing {unknown}
 n - a potion of lignification {unknown}
 o - a potion of heal wounds {unknown}
Books
 c - a book of Minor Magic

   Spells                             Type                      Level
   a - Magic Dart                     Conjuration                  1
   b - Blink                          Translocation                2
   c - Call Imp                       Summoning                    2
   d - Repel Missiles                 Charms/Air                   2
   e - Slow                           Hexes                        2
   f - Conjure Flame                  Conjuration/Fire             3
   g - Mephitic Cloud                 Conjuration/Poison/Air       3
Comestibles
 d - 2 bread rations
 k - a beef jerky
 p - a meat ration


   Skills:
 + Level 0.2 Armour
 + Level 2.9 Dodging
 + Level 2.2 Stealth
 + Level 3.2 Spellcasting
 + Level 2.1 Conjurations
   Level 1.2 Summonings
   Level 0.7 Translocations


You had 7 spell levels left.
You knew the following spells:

 Your Spells              Type           Power        Failure   Level  Hunger
a - Magic Dart            Conj           ##..         10%         1    None


Dungeon Overview and Level Annotations

Branches:
Dungeon (1/15)

Altars:


Innate Abilities, Weirdness & Mutations

You have a beak for a mouth.
You have claws for feet.


Message History

Confirm with . or Enter, or press ? or * to list all spells.
Aiming: Magic Dart
Press: ? - help, Shift-Dir - straight line, f/p - worm
Aim: a worm (moderately wounded)
You miscast Magic Dart.
Strange energies run through your body.
You hit the worm. Your kick misses the worm.
The worm is heavily wounded.
The worm bites you!
Ouch! That really hurt!
You hit the worm. You claw the worm, but do no damage.
The worm is severely wounded.
Casting: Magic Dart
Confirm with . or Enter, or press ? or * to list all spells.
Aiming: Magic Dart
Press: ? - help, Shift-Dir - straight line, f/p - worm
Aim: a worm (severely wounded)
The magic dart hits the worm.
The worm is almost dead.
The worm bites you!
You die...

...........# #....#.......# #..
...........# ###......#########..
....)......#####......##...[.....
......................##......##.
..........#.###....##.........##.
...#.....#.........##..#......##.
..............................##.
######....##.###.......#......##.
####............@w............##.
....................#.))......##.
.#..............#.............#.>
..............[.###..#.#.######.#
##..............# #.......#####..
###.............# #...........##.
................# ####.#...##....
##..............# #.#....##.#.
#........###..)## #...#.......


You could see a worm.

Vanquished Creatures
  3 giant cockroaches (D:1)
  7 goblins (D:1)
  4 hobgoblins (D:1)
  A ball python (D:1)
  4 bats (D:1)
  A kobold (D:1)
  A rat (D:1)
21 creatures vanquished.

Notes
Turn   | Place    | Note
--------------------------------------------------------------
     0 | D:1      | 2d6 the Tengu Wizard began the quest for the Orb.
     0 | D:1      | Reached XP level 1. HP: 10/10 MP: 5/5
   130 | D:1      | Reached XP level 2. HP: 10/15 MP: 2/7
   612 | D:1      | Reached XP level 3. HP: 19/19 MP: 0/8
   935 | D:1      | Slain by a worm

Skill      XL: |  1  2 |
---------------+-------+-----
Conjurations   | 2 |  2.1
Armour         | |  0.2
Dodging        | |  2.9
Stealth        | |  2.2
Spellcasting   | |  3.2
Summonings     | |  1.2
Translocations | |  0.7

Action                   || total
-------------------------++-------
Melee: Unarmed           ||    13
       Kick              ||     6
       Dagger            ||    15
       Peck              ||     4
 Cast: Magic Dart        ||    50
Armor: Robe              ||    14
Dodge: Dodged            ||    17
